 Dungeon Crawl Stone Soup version 0.29-a0-551-gffc1d7fb78 (webtiles) character file.

Game seed: 2303969744120462305

76 shadowstone the Covered (level 4, -1/29 HPs)
             Began as a Gargoyle Fighter on June 6, 2022.
             Was a Follower of Dithmenos.
             Slain by a gnoll
             ... wielding a +0 halberd
              (10 damage)
             ... on level 3 of the Dungeon.
             The game lasted 00:03:24 (814 turns).

shadowstone the Covered (Gargoyle Fighter)           Turns: 814, Time: 00:03:25

Health: -1/29      AC: 10    Str: 22    XL:     4   Next: 32%
Magic:  4/4        EV:  9    Int:  8    God:    Dithmenos [*.....]
Gold:   38         SH:  4    Dex:  9    Spells: 3/3 levels left

rFire   . . .      SeeInvis .   a - +0 trident
rCold   . . .      Faith    .   c - +0 buckler
rNeg    + . .      Spirit   .   b - +0 scale mail
rPois   ∞          Reflect  .   (no helmet)
rElec   +          Harm     .   (no cloak)
rCorr   .          Rampage  .   (no gloves)
Will    .....                   (no boots)
Stlth   ..........              j - amulet of the acrobat
HPRegen 0.09/turn               (no ring)
MPRegen 0.09/turn               (no ring)

@: mighty, wreathed by umbra
A: sickness immunity, AC +3, negative energy resistance 1, electricity
resistance, torment resistance 1, petrification resistance
a: Renounce Religion


You were on level 3 of the Dungeon.
You worshipped Dithmenos.
Dithmenos was aware of your devotion.
You visited 1 branch of the dungeon, and saw 3 of its levels.

You collected 38 gold pieces.

Inventory:

Hand Weapons
 a - a +0 trident (weapon)
Armour
 b - a +0 scale mail (worn)
 c - a +0 buckler (worn)
Jewellery
 j - an amulet of the acrobat (around neck)
Scrolls
 e - 2 scrolls of teleportation {unknown}
 f - 3 scrolls of identify {unknown}
 k - a scroll of immolation {unknown}
 l - a scroll of torment {unknown}
Potions
 d - a potion of might
 g - a potion of heal wounds {unknown}
 h - a potion of haste {unknown}
 i - a potion of invisibility {unknown}
 m - a potion of brilliance {unknown}


   Skills:
 + Level 3.8 Fighting
 + Level 2.7 Polearms
 + Level 4.0 Armour
 + Level 0.3 Dodging
 + Level 3.6 Shields


You had 3 spell levels left.
You didn't know any spells.
Your spell library contained the following spells:

 Spells                   Type           Power      Damage    Failure   Level
 Gell's Gravitas          Tloc           0%         N/A       99%         3
 Lesser Beckoning         Tloc           0%         N/A       99%         3
 Teleport Other           Tloc           0%         N/A       99%         3


Dungeon Overview and Level Annotations

Branches:
Dungeon (3/15)

Altars:
Dithmenos


Innate Abilities, Weirdness & Mutations

You are immune to sickness and miasma.
Your stone body is resilient. (AC +3)
You are immune to poison.
You resist negative energy. (rN+)
You are resistant to electric shocks. (rElec)
You are resistant to unholy torment.
You are immune to petrification.


Message History

Dithmenos accepts your kill. The gnoll hits you but does no damage.
The gnoll attacks as you move away! The gnoll hits you but does no damage.
You block the gnoll's attack.
You puncture the gnoll!
The gnoll is heavily wounded.
The gnoll hits you with a +0 club. The gnoll hits you but does no damage.
You puncture the gnoll!
You kill the gnoll!
Dithmenos accepts your kill.
The gnoll hits you from afar with a +0 halberd.
You block the gnoll's attack.
You have reached level 4!
You feel stronger.
You hit the gnoll.
The gnoll is lightly wounded.
You block the gnoll's attack. The gnoll closely misses you.
You closely miss the gnoll.
The gnoll is lightly wounded.
The gnoll hits you with a +0 flail!
* * * LOW HITPOINT WARNING * * *
You block the gnoll's attack.
You puncture the gnoll!
The gnoll is severely wounded.
The gnoll barely misses you. The gnoll misses you.
You puncture the gnoll!
You kill the gnoll!
Dithmenos accepts your kill. The gnoll barely misses you.
Your Armour skill increases to level 4!
Unknown command.
You feel very mighty all of a sudden. The gnoll barely misses you.
The gnoll barely misses you.
You see here a +0 flail.
The gnoll misses you. The gnoll closely misses you.
You barely miss the gnoll. The gnoll closely misses you.
The gnoll hits you with a +0 halberd!
You die...

........................
........................
........................
........................
........................
........................
................g.......
......<.......))@..(....
...............).$......
........................
........................
#######......#.........#
#......#####?#####
#......# .# #......# .#
..... .#


You could see a gnoll.

Vanquished Creatures
  4 gnolls
  An adder (D:2)
  2 dart slugs (D:1)
  2 bats
  An endoplasm (D:2)
  3 goblins (D:1)
  5 hobgoblins
  4 jackals (D:1)
  A kobold (D:1)
  2 rats (D:1)
25 creatures vanquished.

Vanquished Creatures (others)
  6 fungi (D:1)
  4 plants (D:1)
10 creatures vanquished.

Grand Total: 35 creatures vanquished

Notes
Turn   | Place    | Note
-------+----------+-------------------------------------------
     0 | D:1      | shadowstone the Gargoyle Fighter began the quest for the
                  | Orb.
     0 | D:1      | Reached XP level 1. HP: 14/14 MP: 1/1
    47 | D:1      | Reached XP level 2. HP: 16/19 MP: 2/2
   190 | D:1      | Reached XP level 3. HP: 18/23 MP: 3/3
   507 | D:1      | Found a faded altar of an unknown god.
   572 | D:1      | Prayed at the altar of an unknown god.
   572 | D:1      | Became a worshipper of Dithmenos the Shadowed
   572 | D:1      | Reached * piety under Dithmenos
   806 | D:3      | Reached XP level 4. HP: 17/29 MP: 4/4
   810 | D:3      | Reached skill level 4 in Armour
   814 | D:3      | Slain by a gnoll

Illustrated notes

Levels and vault maps discovered:
D:1:      wheals_arrival_linesprint, layout_basic,
          shapermc_ecumenical_altar_mp_urbaneastern, minmay_tetromino_s4
D:2:      minmay_diamond_boxcup, layout_basic, minmay_statues_item
D:3:      layout_basic, gup_sewer_entry_glass, serial_bayou_lake_a, uniq_terence

Skill      XL: |  1  2  3  4 |
---------------+-------------+-----
Polearms       | 2 |  2.7
Armour         | 4 |  4.0
Fighting       | |  3.8
Dodging        | |  0.3
Shields        | |  3.6

Action                   |  1- 3 |  4- 6 || total
-------------------------+-------+-------++-------
Melee: Trident           |   105 |     5 ||   110
  Use: Potion            |       |     1 ||     1
Armor: Scale mail        |    46 |       ||    46
Dodge: Dodged            |    81 |     9 ||    90
Block: Buckler           |    23 |     2 ||    25

Table legend: (Time is in decaauts)
 A = Elapsed time spent in this place.
 B = Non-inter-level travel time spent in this place.
 C = Inter-level travel time spent in this place.
 D = Time resting spent in this place.
 E = Time spent auto-exploring this place.
 F = Levels seen in this place.
 G = Mean time per level.
                   A        B        C        D        E       F      G
               +--------+--------+--------+--------+--------+-----+--------+
         Total |    839 |    839 |      0 |    140 |      0 |   3 |  279.7 |
       Dungeon |    839 |    839 |      0 |    140 |      0 |   3 |  279.7 |
               +--------+--------+--------+--------+--------+-----+--------+

Top non-repeatable levels by time:
     D:1: 636 daAuts
     D:2: 179 daAuts
     D:3: 24 daAuts
